TOP OF THE 1ST |
---|
Gilbert Fire Fighters batting - Pitching for Punta Cana Hutias : RHP António Mora | Pitching: RHP António Mora | | Batting: RHB Raúl Ottoboni | 0-0: Ground out 6-3 (Groundball, 6S) | Batting: RHB Juan González | 0-0: Ball 1-0: Foul Ball, location: 2F 1-1: Ball 2-1: Ball 3-1: Called Strike 3-2: Strikes out swinging, 2-3 out at first. | Batting: RHB Zachary Gadsden | 0-0: Ball 1-0: Called Strike 1-1: Foul Ball, location: 2F 1-2: Strikes out looking | Top of the 1st over - 0 runs, 0 hits, 0 errors, 0 left on base; Gilbert 0 - Punta Cana 0 | BOTTOM OF THE 1ST |
---|
Punta Cana Hutias batting - Pitching for Gilbert Fire Fighters : RHP Dave Brooks | Pitching: RHP Dave Brooks | | Batting: LHB Dave Watkins | 0-0: Called Strike 0-1: Ball 1-1: DOUBLE (Flyball, 8LXD) | Batting: LHB Luis García | 0-0: Ball 1-0: Ball 2-0: Called Strike 2-1: Ball 3-1: Ground out 5-3 (Groundball, 56) | Batting: LHB Norberto Garza | 0-0: Foul Ball, location: 2F 0-1: Foul Ball, location: 2F 0-2: Fly out, F9 (Flyball, 89S) | Batting: LHB Tony Ríos | 0-0: Called Strike 0-1: Swinging Strike 0-2: Foul Ball, location: 2F 0-2: SINGLE (Line Drive, 89S) Dave Watkins to third Runner from 3rd tries for Home, SAFE, no throw | Batting: LHB Harry Davis | 0-0: Ball 1-0: Swinging Strike 1-1: Swinging Strike 1-2: Ground out 4-3 (Groundball, 4) | Bottom of the 1st over - 1 run, 2 hits, 0 errors, 1 left on base; Gilbert 0 - Punta Cana 1 | TOP OF THE 2ND |
---|
Gilbert Fire Fighters batting - Pitching for Punta Cana Hutias : RHP António Mora | Batting: RHB Travis Mchugh | 0-0: Foul Ball, location: 2F 0-1: Swinging Strike 0-2: Ball 1-2: Ball 2-2: Foul Ball, location: 2F 2-2: Ball 3-2: Strikes out looking | Batting: RHB Carlos Canales | 0-0: Ball 1-0: Ground out U3 (Groundball, 34) | Batting: LHB Joe Kent | 0-0: Called Strike 0-1: Foul Ball, location: 2F 0-2: Strikes out looking | Top of the 2nd over - 0 runs, 0 hits, 0 errors, 0 left on base; Gilbert 0 - Punta Cana 1 | BOTTOM OF THE 2ND |
---|
Punta Cana Hutias batting - Pitching for Gilbert Fire Fighters : RHP Dave Brooks | Batting: LHB Don MacNeill | 0-0: Called Strike 0-1: Ball 1-1: Fly out, F5 (Popup, 56) | Batting: RHB Alfonso Huerta | 0-0: Called Strike 0-1: Called Strike 0-2: Foul Ball, location: 2F 0-2: Ball 1-2: Ball 2-2: Strikes out swinging | Batting: RHB Alfredo Bernard | 0-0: Called Strike 0-1: Ball 1-1: Ball 2-1: Ball 3-1: Swinging Strike 3-2: Ground out 6-3 (Groundball, 6M) | Bottom of the 2nd over - 0 runs, 0 hits, 0 errors, 0 left on base; Gilbert 0 - Punta Cana 1 | TOP OF THE 3RD |
---|
Gilbert Fire Fighters batting - Pitching for Punta Cana Hutias : RHP António Mora | Batting: SHB Germán Roseima | 0-0: Ball 1-0: Ball 2-0: Ball 3-0: Base on Balls | Batting: LHB Bill Handy | 0-0: Ground out 6-3 (Groundball, 6D) Germán Roseima to second | Batting: LHB Matt Moore | 0-0: Ball 1-0: SINGLE (Groundball, 56) (infield hit) Germán Roseima to third | Batting: RHB Raúl Ottoboni | 0-0: Called Strike 0-1: Ball 1-1: Ball 2-1: Grounds into double play, 6-4-3 (Groundball, 56) | Top of the 3rd over - 0 runs, 1 hit, 0 errors, 1 left on base; Gilbert 0 - Punta Cana 1 | BOTTOM OF THE 3RD |
---|
Punta Cana Hutias batting - Pitching for Gilbert Fire Fighters : RHP Dave Brooks | Batting: LHB Jorge Ramírez | 0-0: Foul Ball, location: 2F 0-1: SINGLE (Flyball, 56D) | Batting: LHB Dave Watkins | 0-0: Ball 1-0: Called Strike 1-1: Ball 2-1: Ball 3-1: Fly out, F8 (Flyball, 8LD) Runner from 1st tags up, SAFE at 2nd | Batting: LHB Luis García | 0-0: Called Strike 0-1: Ball 1-1: SINGLE (Flyball, 7S) Jorge Ramírez to third Runner from 3rd tries for Home, SAFE, throw made home | Batting: LHB Norberto Garza | 0-0: Fly out, F7 (Flyball, 7D) | Batting: LHB Tony Ríos | 0-0: Called Strike 0-1: Fly out, F5 (Popup, 56S) | Bottom of the 3rd over - 1 run, 2 hits, 0 errors, 1 left on base; Gilbert 0 - Punta Cana 2 | TOP OF THE 4TH |
---|
Gilbert Fire Fighters batting - Pitching for Punta Cana Hutias : RHP António Mora | Batting: RHB Juan González | 0-0: Foul Ball, location: 2F 0-1: Called Strike 0-2: Strikes out swinging | Batting: RHB Zachary Gadsden | 0-0: Called Strike 0-1: Fly out, F7 (Flyball, 7S) | Batting: RHB Travis Mchugh | 0-0: Foul Ball, location: 2F 0-1: Ball 1-1: Fly out, F8 (Flyball, 8RS) | Top of the 4th over - 0 runs, 0 hits, 0 errors, 0 left on base; Gilbert 0 - Punta Cana 2 | BOTTOM OF THE 4TH |
---|
Punta Cana Hutias batting - Pitching for Gilbert Fire Fighters : RHP Dave Brooks | Batting: LHB Harry Davis | 0-0: Ball 1-0: Ball 2-0: Fly out, F8 (Line Drive, 8LM) | Batting: LHB Don MacNeill | 0-0: Ground out 5-3 (Groundball, 5) | Batting: RHB Alfonso Huerta | 0-0: Ball 1-0: Ball 2-0: Ball 3-0: Base on Balls | Batting: RHB Alfredo Bernard | 0-0: Ball Alfonso Huerta is caught stealing 2nd base | Bottom of the 4th over - 0 runs, 0 hits, 0 errors, 0 left on base; Gilbert 0 - Punta Cana 2 | TOP OF THE 5TH |
---|
Gilbert Fire Fighters batting - Pitching for Punta Cana Hutias : RHP António Mora | Batting: RHB Carlos Canales | 0-0: Foul Ball, location: 2F 0-1: Called Strike 0-2: SINGLE (Line Drive, 89S) | Batting: LHB Joe Kent | 0-0: Called Strike 0-1: Ball 1-1: Swinging Strike 1-2: Strikes out looking | Batting: SHB Germán Roseima | 0-0: Ball 1-0: Ball 2-0: SINGLE (Groundball, 34S) (infield hit) Carlos Canales to second | Batting: LHB Bill Handy | 0-0: Grounds into double play, 4-6-3 (Groundball, 4) | Top of the 5th over - 0 runs, 2 hits, 0 errors, 1 left on base; Gilbert 0 - Punta Cana 2 | BOTTOM OF THE 5TH |
---|
Punta Cana Hutias batting - Pitching for Gilbert Fire Fighters : RHP Dave Brooks | Batting: RHB Alfredo Bernard | 0-0: Ball 1-0: Ball 2-0: Ball 3-0: Called Strike 3-1: Called Strike 3-2: Ground out 6-3 (Groundball, 6) | Batting: LHB Jorge Ramírez | 0-0: Ball 1-0: Foul Ball, location: 2F 1-1: Ball 2-1: Ball 3-1: Base on Balls | Batting: LHB Dave Watkins | 0-0: Fly out, F5 (Popup, 56D) | Pitching: RHP Alfonso Santiago | | Batting: LHB Luis García | Pickoff Throw to First - Error! E1 Jorge Ramírez to second 0-0: Ball 1-0: Called Strike 1-1: Called Strike 1-2: Ball 2-2: Ball 3-2: Foul Ball, location: 2F 3-2: Foul Ball, location: 2F 3-2: Fly out, F9 (Flyball, 89M) | Bottom of the 5th over - 0 runs, 0 hits, 1 error, 1 left on base; Gilbert 0 - Punta Cana 2 | TOP OF THE 6TH |
---|
Gilbert Fire Fighters batting - Pitching for Punta Cana Hutias : RHP António Mora | Batting: LHB Matt Moore | 0-0: Ball 1-0: Ball 2-0: Ball 3-0: Foul Ball, location: 2F 3-1: Base on Balls | Batting: RHB Raúl Ottoboni | 0-0: Called Strike 0-1: Called Strike 0-2: Fly out, F9 (Flyball, 89M) | Batting: RHB Juan González | 0-0: Ball Wild Pitch! Matt Moore to second 1-0: Fly out, F7 (Flyball, 7LM) | Batting: RHB Zachary Gadsden | 0-0: Ball 1-0: Ground out U3 (Groundball, 34) | Top of the 6th over - 0 runs, 0 hits, 0 errors, 1 left on base; Gilbert 0 - Punta Cana 2 | BOTTOM OF THE 6TH |
---|
Punta Cana Hutias batting - Pitching for Gilbert Fire Fighters : RHP Alfonso Santiago | Batting: LHB Norberto Garza | 0-0: Ball 1-0: Ball 2-0: Fly out, F9 (Flyball, 9LD) | Batting: LHB Tony Ríos | 0-0: Ball 1-0: Ball 2-0: SINGLE (Line Drive, 8LS) | Batting: LHB Harry Davis | 0-0: Ball 1-0: Swinging Strike 1-1: Called Strike 1-2: Ball 2-2: Foul Ball, location: 2F 2-2: Strikes out swinging | Batting: LHB Don MacNeill | 0-0: Ball Tony Ríos is caught stealing 2nd base | Bottom of the 6th over - 0 runs, 1 hit, 0 errors, 0 left on base; Gilbert 0 - Punta Cana 2 | TOP OF THE 7TH |
---|
Gilbert Fire Fighters batting - Pitching for Punta Cana Hutias : RHP António Mora | Batting: RHB Travis Mchugh | 0-0: Ball 1-0: Called Strike 1-1: Ground out 5-3 (Groundball, 56) | Batting: RHB Carlos Canales | 0-0: Ball 1-0: Ball 2-0: Foul Ball, location: 2F 2-1: Ball 3-1: Foul Ball, location: 2F 3-2: Foul Ball, location: 2F 3-2: Base on Balls | Batting: LHB Joe Kent | 0-0: Ball 1-0: Fly out, F9 (Flyball, 9LD) | Batting: SHB Germán Roseima | 0-0: Ball 1-0: Ball 2-0: Ball 3-0: Base on Balls Carlos Canales to second | Batting: LHB Bill Handy | 0-0: Swinging Strike 0-1: SINGLE (Line Drive, 6) Carlos Canales to third Germán Roseima to second Runner from 3rd tries for Home, throw and OUT! | Top of the 7th over - 0 runs, 1 hit, 0 errors, 2 left on base; Gilbert 0 - Punta Cana 2 | BOTTOM OF THE 7TH |
---|
Punta Cana Hutias batting - Pitching for Gilbert Fire Fighters : RHP Alfonso Santiago | Batting: LHB Don MacNeill | 0-0: Ball 1-0: Ball 2-0: Ball 3-0: Called Strike 3-1: Swinging Strike 3-2: Strikes out swinging | Batting: RHB Alfonso Huerta | 0-0: Called Strike 0-1: Ball 1-1: Called Strike 1-2: Ball 2-2: Strikes out swinging | Batting: RHB Alfredo Bernard | 0-0: Foul Ball, location: 2F 0-1: Ball 1-1: Ground out 5-3 (Groundball, 5) | Bottom of the 7th over - 0 runs, 0 hits, 0 errors, 0 left on base; Gilbert 0 - Punta Cana 2 | TOP OF THE 8TH |
---|
Gilbert Fire Fighters batting - Pitching for Punta Cana Hutias : RHP António Mora | Batting: LHB Matt Moore | 0-0: Ball 1-0: Called Strike 1-1: Ball 2-1: Called Strike 2-2: Foul Ball, location: 2F 2-2: Strikes out swinging | Batting: RHB Raúl Ottoboni | 0-0: Called Strike 0-1: Swinging Strike 0-2: Foul Ball, location: 2F 0-2: Ground out 4-3 (Groundball, 4) | Batting: RHB Juan González | 0-0: Fly out, F8 (Line Drive, 89M) | Top of the 8th over - 0 runs, 0 hits, 0 errors, 0 left on base; Gilbert 0 - Punta Cana 2 | BOTTOM OF THE 8TH |
---|
Punta Cana Hutias batting - Pitching for Gilbert Fire Fighters : RHP Alfonso Santiago | Batting: LHB Jorge Ramírez | 0-0: Called Strike 0-1: Called Strike 0-2: SINGLE (Line Drive, 7S) | Batting: LHB Dave Watkins | 0-0: Ball Jorge Ramírez steals 2nd base 1-0: Swinging Strike 1-1: Ball 2-1: Called Strike 2-2: SINGLE (Groundball, 34D) Jorge Ramírez to third Runner from 3rd tries for Home, SAFE, no throw | Batting: LHB Luis García | 0-0: Foul Ball, location: 2F 0-1: Ball 1-1: Fly out, F1 (Line Drive, 13) | Batting: LHB Norberto Garza | 0-0: Ball Throwing error on steal attempt, E2 Dave Watkins to third 1-0: Called Strike 1-1: Foul Ball, location: 2F 1-2: Foul Ball, location: 2F 1-2: Foul Ball, location: 2F 1-2: Ground out 4-3 (Groundball, 4) | Pitching: LHP Santiago Zamora | | Batting: LHB Tony Ríos | 0-0: Ball 1-0: Ball 2-0: Ball 3-0: Called Strike 3-1: Swinging Strike 3-2: Strikes out swinging | Bottom of the 8th over - 1 run, 2 hits, 1 error, 1 left on base; Gilbert 0 - Punta Cana 3 | TOP OF THE 9TH |
---|
Gilbert Fire Fighters batting - Pitching for Punta Cana Hutias : RHP António Mora | Now at C: Juan Alaniz | | Batting: RHB Zachary Gadsden | 0-0: Ball 1-0: Ground out 4-3 (Groundball, 4) | Batting: RHB Travis Mchugh | 0-0: Called Strike 0-1: Ball 1-1: Ball 2-1: Ball 3-1: Fly out, F7 (Flyball, 78S) | Batting: RHB Carlos Canales | 0-0: Swinging Strike 0-1: Swinging Strike 0-2: Foul Ball, location: 2F 0-2: Strikes out swinging | Top of the 9th over - 0 runs, 0 hits, 0 errors, 0 left on base; Gilbert 0 - Punta Cana 3 | |